 Dungeon Crawl Stone Soup version 0.29.1-1-gd02db6906a (webtiles) character file.

Game seed: 5079484397833617238

61 corgi the Shooter (level 4, -1/27 HPs)
             Began as a Kobold Hunter on Oct 14, 2022.
             Killed by divine providence
             ... invoked by an orc priest
              (14 damage)
             ... on level 3 of the Dungeon.
             The game lasted 00:04:36 (2240 turns).

corgi the Shooter (Kobold Hunter)                   Turns: 2240, Time: 00:04:36

Health: -1/27      AC:  3    Str:  8    XL:     4   Next: 27%
Magic:  4/4        EV: 15    Int: 10    God:
Gold:   87         SH:  0    Dex: 20    Spells: 3/3 levels left

rFire   . . .      SeeInvis .   a - +0 shortbow
rCold   . . .      Faith    .   (shield currently unavailable)
rNeg    . . .      Spirit   .   c - +0 leather armour
rPois   .          Reflect  .   (no helmet)
rElec   .          Harm     .   (no cloak)
rCorr   .          Rampage  .   (no gloves)
Will    .....                   (no boots)
Stlth   +++.......              j - amulet of regeneration
HPRegen 0.89/turn               (no ring)
MPRegen 0.09/turn               (no ring)

@: no status effects
A: small, no large weapons, nightstalker 3
a: no special abilities


You were on level 3 of the Dungeon.
You visited 1 branch of the dungeon, and saw 3 of its levels.

You collected 87 gold pieces.

Inventory:

Hand Weapons
 a - a +0 shortbow (weapon)
Armour
 c - a +0 leather armour (worn)
Jewellery
 i - an amulet of faith
 j - an amulet of regeneration (around neck)
Scrolls
 b - a scroll of immolation
 g - 2 scrolls of teleportation
Potions
 d - 2 potions of lignification {unknown}
 e - a potion of ambrosia
 f - a potion of curing {unknown}
 h - a potion of might
 k - a potion of cancellation {unknown}


   Skills:
 + Level 2.9 Fighting
 * Level 6.3 Ranged Weapons
 - Level 0.2 Armour
 + Level 3.2 Dodging
 - Level 1.3 Stealth


You had 3 spell levels left.
You didn't know any spells.
Your spell library contained the following spells:

 Spells                   Type           Power      Damage    Failure   Level
 Olgreb's Toxic Radiance  Pois           0%         N/A       99%         4
 Ozocubu's Refrigeration  Ice            0%         4d7       100%        7
 Ignition                 Fire           0%         3d3       100%        8


Dungeon Overview and Level Annotations

Branches:
Dungeon (3/15)

Altars:

Annotations:
D:2 1 runed translucent door, Crazy Yiuf


Innate Abilities, Weirdness & Mutations

You are small and have problems with some larger weapons.
You are completely attuned to the shadows.


Message History

The arrow hits the adder but does no damage.
The adder is almost dead.
You feel sick. The adder closely misses you. The adder bites you.
You are more poisoned.
The adder poisons you!
You shoot an arrow. The arrow hits the adder!
You kill the adder!
You feel very sick.
You shoot an arrow. The arrow hits the orc.
The orc is heavily wounded.
You feel sick. The orc closely misses you.
You shoot an arrow. The arrow barely misses the orc.
You feel sick.
You shoot an arrow. The arrow closely misses the orc.
You feel sick. The orc barely misses you.
You shoot an arrow.
The arrow closely misses the orc. x2; You feel sick.
The orc completely misses you.
You shoot an arrow. The arrow barely misses the orc.
The arrow hits the orc!
You kill the orc!
You feel sick. The orc hits you with a +0 whip.
You are too injured to fight recklessly!
You are too injured to fight recklessly!
You are too injured to fight recklessly!
Fire: a) +0 shortbow
Press: ? - help, Q - select action Shift-Dir - straight line, f/p - orc
Aim: an orc, wielding a +0 whip and wearing a +0 leather armour (66% to hit)
You shoot an arrow. The arrow closely misses the orc.
The arrow barely misses the orc.
You feel sick.
You are no longer poisoned.
The orc barely misses you.
An orc priest comes into view. It is wielding a +0 club.
Fire: a) +0 shortbow
Press: ? - help, Q - select action Shift-Dir - straight line, f/p - orc
Aim: an orc, wielding a +0 whip and wearing a +0 leather armour (66% to hit)
You shoot an arrow. The arrow hits the orc!
You kill the orc!
The orc priest mumbles some strange prayers to Beogh against you.
Beogh smites you!
Ouch! That really hurt!
You die...

###
##.#######
#........#
##.#####.#
#.#
#.#########
#@#
#.........#
#o#
#########.#
....oo.o.
.....##
####.##oo
#...... #.#
o #.##.##
#.# .. #.#
###.##
#.....
#.####


You could see an orc priest and 2 orcs.

Vanquished Creatures
  2 adders
  2 orcs (D:3)
  3 bats (D:1)
  4 endoplasms
  A giant cockroach (D:1)
  3 goblins
  5 hobgoblins
  5 jackals
  3 kobolds
  2 quokkas (D:2)
  5 ball pythons
  A frilled lizard (D:1)
  2 rats (D:2)
38 creatures vanquished.

Notes
Turn   | Place    | Note
-------+----------+-------------------------------------------
     0 | D:1      | corgi the Kobold Hunter began the quest for the Orb.
     0 | D:1      | Reached XP level 1. HP: 12/12 MP: 1/1
   136 | D:1      | Noticed an eye of devastation
   623 | D:1      | Reached XP level 2. HP: 18/18 MP: 2/2
   951 | D:1      | Found a faded altar of an unknown god.
   951 | D:1      | Noticed a great orb of eyes
   955 | D:1      | Noticed a golden eye
   955 | D:1      | Noticed a great orb of eyes
  1032 | D:1      | Reached XP level 3. HP: 22/22 MP: 3/3
  1446 | D:2      | Reached skill level 6 in Ranged Weapons
  1853 | D:2      | Found a runed translucent door.
  1856 | D:2      | Noticed Crazy Yiuf
  1921 | D:2      | Reached XP level 4. HP: 27/27 MP: 4/4
  2240 | D:3      | Killed from afar by an orc priest

Illustrated notes

Levels and vault maps discovered:
D:1:      lemuel_arrival_behind_the_door_large, layout_basic,
          hellmonk_ecumenical_altar_watching_god
D:2:      layout_loops_ring, uniq_crazy_yiuf_cottage
D:3:      layout_loops_ring, lemuel_crystal_altar

Skill      XL: |  1  2  3 |
---------------+----------+-----
Dodging        | 3 |  3.2
Ranged Weapons | 6 |  6.3
Fighting       | |  2.9
Armour         | |  0.2
Stealth        | |  1.3

Action                   |  1- 3 |  4- 6 || total
-------------------------+-------+-------++-------
 Fire: Shortbow          |    89 |    13 ||   102
  Use: Scroll            |     3 |       ||     3
Armor: Leather armour    |    22 |       ||    22
Dodge: Dodged            |    70 |     7 ||    77
